 Dungeon Crawl Stone Soup version 0.22-a0-136-g83a10e5 (webtiles) character file.

1163 Jatast the Chopper (level 8, -1/74 HPs)
             Began as a Deep Dwarf Monk on Feb 2, 2018.
             Slain by an orc warrior
             ... wielding a +0 halberd
              (7 damage)
             ... on level 6 of the Dungeon.
             The game lasted 00:11:44 (4658 turns).

Jatast the Chopper (Deep Dwarf Monk)                Turns: 4658, Time: 00:11:45

Health: -1/74      AC: 13    Str: 16      XL:     8   Next: 17%
Magic:  4/4        EV:  7    Int: 11 (12) God:
Gold:   255        SH:  0    Dex: 14 (15) Spells: 7/7 levels left

rFire    . . .     SeeInvis .   u - -2 hand axe (curse)
rCold    . . .     Gourm    .   (no shield)
rNeg     . . .     Faith    .   l - +0 plate armour
rPois    .         Spirit   .   (no helmet)
rElec    .         Reflect  .   (no cloak)
rCorr    .         Harm     .   n - +0 pair of gloves
MR       +....                  (no boots)
Stlth    ..........             (no amulet)
HPRegen  0.00/turn              o - ring of flight
MPRegen  0.09/turn              (no ring)

@: very slightly contaminated, non-regenerating, invisible
A: damage resistance, heal wounds, sense surroundings 1, no regeneration
a: Heal Wounds, Evoke Flight


You were on level 6 of the Dungeon.
You were not hungry.

You visited 1 branch of the dungeon, and saw 6 of its levels.

You collected 255 gold pieces.

Inventory:

Hand Weapons
 a - a +0 hand axe
 k - a +2 dagger of venom
 m - a +0 war axe
 u - a cursed -2 hand axe (weapon)
Armour
 l - a +0 plate armour (worn)
 n - a +0 pair of gloves (worn)
Jewellery
 o - a ring of flight (left hand)
Scrolls
 b - a scroll of identify
 h - 4 scrolls of teleportation
Potions
 e - a potion of heal wounds
 g - 3 potions of magic
 i - a potion of lignification {unknown}
 j - a potion of flight {unknown}
 p - a potion of brilliance {unknown}
Comestibles
 c - 8 rations


   Skills:
 - Level 5.0 Fighting
 + Level 6.8 Axes
 - Level 4.9 Armour
 - Level 6.0 Dodging
 - Level 2.4 Stealth


You had 7 spell levels left.
You didn't know any spells.

Dungeon Overview and Level Annotations

Branches:
Dungeon (6/15)
 Temple: D:4-7

Altars:
Ashenzari
Qazlal
Vehumet
The Shining One


Innate Abilities, Weirdness & Mutations

You are resistant to damage.
You can heal yourself by infusing magical energy.
You passively map a small area around you.
You do not regenerate.


Message History

The orc warrior is moderately wounded.
The orc warrior hits you but does no damage.
You hit the orc warrior but do no damage.
The orc warrior is moderately wounded.
The orc warrior misses you.
You hit the orc warrior but do no damage.
The orc warrior is moderately wounded.
The orc warrior hits you with a halberd!
* * * LOW HITPOINT WARNING * * *
You hit the orc warrior but do no damage.
The orc warrior is moderately wounded.
You feel a little less agile now.
The orc warrior hits you with a halberd!!
* * * LOW HITPOINT WARNING * * *
You barely miss the orc warrior.
The orc warrior is moderately wounded.
You hit the orc warrior.
The orc warrior is moderately wounded.
The orc warrior hits you with a halberd!
You die...

* *
###
, ,
,...
*
#.#
#.#
#o#
#o#
#@#
,
#.#
*
#.#
#.#
*
#.#
*
#.#
*
#.#
* ,
#.#
*
#.#


You could see an orc warrior and an orc.

Vanquished Creatures
  Menkaure (D:4)
  An ice beast (D:5)
  2 centaurs (D:5)
  3 crimson imps (D:5)
  A centaur zombie (D:5)
  3 hounds (D:5)
  An iguana (D:4)
  5 orc wizards
  Natasha (twice) (D:2)
  8 worker ants
  7 adders
  3 oozes
  An adder zombie (D:5)
  An adder skeleton (D:5)
  3 worms
  A leopard gecko (D:1)
  8 orcs
  6 bats
  4 giant cockroaches
  9 goblins
  7 hobgoblins
  3 jackals (D:3)
  4 quokkas
  3 frilled lizards
  A giant cockroach zombie (D:5)
  A jackal zombie (D:5)
  16 kobolds
  A leopard gecko skeleton (D:5)
  6 rats
112 creatures vanquished.

Notes
Turn   | Place    | Note
-------+----------+-------------------------------------------
     0 | D:1      | Jatast the Deep Dwarf Monk began the quest for the Orb.
     0 | D:1      | Reached XP level 1. HP: 20/20 MP: 1/1
   190 | D:1      | Reached XP level 2. HP: 16/27 MP: 2/2
   195 | D:1      | Reached skill level 1 in Armour
   687 | D:2      | Reached XP level 3. HP: 19/34 MP: 3/3
  1016 | D:2      | Reached XP level 4. HP: 15/42 MP: 4/4
  1044 | D:2      | Noticed Natasha
  1052 | D:2      | Killed Natasha
  1276 | D:2      | Found a radiant altar of Vehumet.
  1372 | D:2      | Noticed Natasha
  1380 | D:2      | Killed Natasha
  1823 | D:3      | Reached XP level 5. HP: 40/50 MP: 5/5
  2266 | D:4      | Noticed Menkaure
  2284 | D:4      | Killed Menkaure
  2284 | D:4      | Reached skill level 5 in Dodging
  2284 | D:4      | Reached XP level 6. HP: 56/57 MP: 4/4
  2544 | D:4      | Reached XP level 7. HP: 40/66 MP: 5/5
  2927 | D:5      | Entered Level 5 of the Dungeon
  3045 | D:5      | Reached skill level 5 in Fighting
  3156 | D:5      | Found a shattered altar of Ashenzari.
  3187 | D:5      | Found a glowing golden altar of the Shining One.
  3475 | D:5      | Found a stormy altar of Qazlal.
  3634 | D:5      | Reached skill level 5 in Axes
  3703 | D:5      | Reached XP level 8. HP: 28/74 MP: 6/6
  4633 | D:6      | HP: 2/74 [orc warrior/halberd (20)]
  4658 | D:6      | Slain by an orc warrior

Vault maps used:
D:1:      dpeg_arrival_chambers_temple_mockup, palyth_stone_intersect
D:2:      vehumet_crystals, first_ration, uniq_natasha
D:4:      kennysheep_generic_room_15, uniq_menkaure
D:5:      lemuel_doored_altar, grunt_qazlal_sundering,
          ashenzari_conservatory_becter, minivault_5
D:6:      uniq_eustachio

Skill      XL: |  1  2  3  4  5  6  7  8 |
---------------+-------------------------+-----
Armour         | 1 2 3 4 |  4.9
Fighting       | 3 4 5 |  5.0
Dodging        | 4 5 6 |  6.0
Axes           | 5 6 |  6.8
Stealth        | |  2.4

Action                   |  1- 3 |  4- 6 |  7- 9 || total
-------------------------+-------+-------+-------++-------
Melee: Hand axe          |    66 |       |   711 ||   777
       Dagger            |    42 |   166 |    23 ||   231
       War axe           |       |    11 |       ||    11
 Abil: Heal Wounds       |       |     6 |     9 ||    15
  Use: Scroll            |       |     3 |     6 ||     9
       Potion            |       |       |     4 ||     4
 Stab: Sleeping          |    10 |     1 |       ||    11
       Invisible         |       |       |     3 ||     3
  Eat: Chunk             |       |     6 |     2 ||     8
       Ration            |       |       |     2 ||     2
Armor: Robe              |    15 |     3 |       ||    18
       Plate armour      |       |    87 |   458 ||   545
Dodge: Dodged            |    70 |    54 |   256 ||   380

Table legend:
 A = Spawn XP
 B = Non-spawn XP
 C = Spawn XP percentage of total XP
 D = Spawn monster count
 E = Non-spawn monster count
 F = Spawn count percentage of total count
 G = Total turns spent on level
                    A         B        C        D         E        F      G
               +---------+---------+-------+---------+---------+-------+---------
         Total |       0 |    1662 |   0.0 |       0 |     112 |   0.0 |  4658
               +---------+---------+-------+---------+---------+-------+---------
           D:1 |       0 |      32 |   0.0 |       0 |      22 |   0.0 |   629
           D:2 |       0 |     152 |   0.0 |       0 |      29 |   0.0 |  1172
           D:3 |       0 |      87 |   0.0 |       0 |      17 |   0.0 |   423
           D:4 |       0 |     601 |   0.0 |       0 |      22 |   0.0 |   703
           D:5 |       0 |     755 |   0.0 |       0 |      21 |   0.0 |  1654
           D:6 |       0 |      35 |   0.0 |       0 |       1 |   0.0 |    77
               +---------+---------+-------+---------+---------+-------+---------
